 Dungeon Crawl Stone Soup version 0.18-a0-952-g309898a (webtiles) character file.

129 M4edhros the Sneak (level 5, -1/33 HPs)
             Began as an Octopode Artificer on Dec 31, 2015.
             Shot with an arrow by a centaur (13 damage)
             ... on level 5 of the Dungeon.
             The game lasted 00:01:35 (1227 turns).

M4edhros the Sneak (Octopode Artificer)             Turns: 1227, Time: 00:01:35

Health: -1/33      AC:  6    Str: 10    XL:     5   Next: 12%
Magic:  8/8        EV: 13    Int: 16    God:
Gold:   148        SH:  0    Dex: 12    Spells: 0 memorised, 4 levels left

rFire  . . .     SeeInvis .     m - +2 quarterstaff (protect)
rCold  . . .     Gourm    .     (shield currently unavailable)
rNeg   . . .     Faith    +     (helmet restricted)
rPois  .         Spirit   .     q - amulet of faith
rElec  .         Dismiss  .     (no ring)
rCorr  .         Reflect  .     (no ring)
SustAt .         Harm     .     (no ring)
MR     .....                    (no ring)
Stlth  ++++......               (no ring)
                                (no ring)
                                (no ring)
                                (no ring)

@: not resistant to hostile enchantments, stealthy
A: almost no armour, amphibious, 8 rings, constrict 8, camouflage 1, gelatinous
body 1
a: no special abilities


You were on level 5 of the Dungeon.
You were not hungry.

You visited 1 branch of the dungeon, and saw 5 of its levels.

You collected 148 gold pieces.

Inventory:

Hand Weapons
 a - a +0 short sword
 m - a +2 quarterstaff of protection (weapon)
Missiles
 n - 14 sling bullets
Jewellery
 q - an amulet of faith (around mantle)
Wands
 b - a wand of flame (13/48)
 c - a wand of enslavement (15/24)
 d - a wand of random effects (15/48)
 p - a wand of enslavement (13/24)
Scrolls
 e - a scroll of blinking {unknown}
 h - 4 scrolls of identify {unknown}
 i - a scroll of fog {unknown}
 o - a scroll of remove curse {unknown}
 s - a scroll of immolation {unknown}
Potions
 g - a potion of curing {unknown}
 j - a potion of heal wounds {unknown}
 k - 2 potions of degeneration {unknown}
 l - 2 potions of poison {unknown}
Comestibles
 f - 4 bread rations
 r - 3 chunks of flesh


   Skills:
 - Level 1.0 Fighting
 - Level 1.0 Short Blades
 * Level 3.5 Dodging
 * Level 4.4 Stealth
 + Level 4.0 Evocations


You had 4 spell levels left.
You didn't know any spells.

Dungeon Overview and Level Annotations

Branches:
Dungeon (5/15)
 Temple: D:4-7

Altars:
Ashenzari
Sif Muna


Innate Abilities, Weirdness & Mutations

You cannot wear most types of armour.
You are amphibious.
You can wear up to eight rings at the same time.
You can use your tentacles to constrict eight enemies at once.
Your skin changes colour to match your surroundings (Stealth).
Your rubbery body absorbs attacks (AC +1).


Message History

The hound misses you. The hound bites you but does no damage.
You sock the hound! Your grab misses the hound. You squeeze the hound!
You kill the hound!
Your Evocations skill increases to level 4!
You have reached level 5!
You feel clever.
You now have 130 gold pieces (gained 14).
There is a stone staircase leading up here.
You now have 148 gold pieces (gained 18).
A centaur comes into view.
The centaur shouts!
The centaur wields a shortbow.
The centaur shoots an arrow.
The arrow hits you!
You see here an arrow.
A centaur is nearby!
The centaur shoots an arrow.
The arrow hits you!
Found a curved jewelled staff.
You see here an arrow.
A centaur is nearby!
The centaur shoots an arrow.
The arrow hits you!
You die...

#.. #.# .. ##.## ###.# #
... ..#.# #.#.# #.#.#
##.#.# #.#.# ##....#
#.#.# #
##.....########.#.##....
......†..<....((@...c...
##.....##...>..........)
##...####.####.####.#.#
##.# #.# #.# # #( #.#
#.# .. ... |.# ### ###
###


You could see a centaur.

Vanquished Creatures
  A hound (D:5)
  An orc wizard (D:3)
  2 adders (D:3)
  3 gnolls (D:4)
  A giant gecko (D:4)
  3 orcs (D:3)
  A ball python (D:3)
  3 hobgoblins
  2 jackals (D:3)
  2 bats
  A giant cockroach (D:1)
  2 giant newts (D:1)
  2 goblins
  A kobold (D:2)
  A rat (D:1)
26 creatures vanquished.

Notes
Turn   | Place    | Note
--------------------------------------------------------------
     0 | D:1      | M4edhros the Octopode Artificer began the quest for the Orb.
     0 | D:1      | Reached XP level 1. HP: 13/13 MP: 3/3
   262 | D:1      | Reached XP level 2. HP: 13/18 MP: 4/4
   339 | D:2      | Found a deep blue altar of Sif Muna.
   470 | D:3      | Found a shattered altar of Ashenzari.
   548 | D:3      | Reached XP level 3. HP: 7/23 MP: 5/5
   775 | D:3      | Noticed a phantom
   861 | D:3      | Reached XP level 4. HP: 17/28 MP: 6/6
  1124 | D:4      | Reached skill level 4 in Stealth
  1206 | D:5      | Entered Level 5 of the Dungeon
  1210 | D:5      | Reached XP level 5. HP: 33/33 MP: 6/8
  1224 | D:5      | Noticed a centaur
  1227 | D:5      | Shot with an arrow by a centaur

Vault maps used:
D:1:      minmay_arrival_four_houses, minmay_shallow_snake_nest
D:2:      led_sif_pool, minmay_ruptured
D:3:      marbit_many_paths, ashenzari_altar_1, first_bread, serial_bayou_pond_b
D:4:      minmay_goblin_kobold_castle, minmay_statues_item, uniq_grinder
D:5:      lemuel_doored_altar

Action                   |  1- 3 |  4- 6 || total
-------------------------+-------+-------++-------
Melee: Short sword       |    24 |       ||    24
       Quarterstaff      |    17 |    14 ||    31
Evoke: Wand              |     2 |       ||     2
 Stab: Sleeping          |     7 |     1 ||     8
  Eat: Chunk             |       |     1 ||     1
